 Dungeon Crawl Stone Soup version 0.20.0-1-g1cb1d84 (webtiles) character file.

202 ChaseSP the Twirler (level 6, -4/47 HPs)
             Began as a Formicid Fighter on May 27, 2017.
             Killed from afar by an electric eel (13 damage)
             ... with a bolt of electricity
             ... on level 3 of the Dungeon.
             The game lasted 00:04:04 (1923 turns).

ChaseSP the Twirler (Formicid Fighter)              Turns: 1923, Time: 00:04:05

Health: -4/47      AC:  9    Str: 21    XL:     6   Next: 8%
Magic:  6/6        EV:  8    Int:  7    God:
Gold:   141        SH: 10    Dex: 12    Spells: 5/5 levels left

rFire    . . .     SeeInvis +   a - +0 quarterstaff
rCold    . . .     Gourm    .   c - +0 shield
rNeg     . . .     Faith    .   b - +1 scale mail
rPois    .         Spirit   .   (helmet unavailable)
rElec    .         Reflect  .   s - +0 cloak
rCorr    .         Harm     .   (no gloves)
MR       .....                  (no boots)
Stlth    ..........             (no amulet)
Regen    0.2/turn               (no ring)
MPRegen  0.1/turn               (no ring)

@: no status effects
A: permanent stasis, dig shafts and tunnels, four strong arms, antennae 3
a: Dig, Shaft Self


You were on level 3 of the Dungeon.
You were not hungry.

You visited 1 branch of the dungeon, and saw 3 of its levels.

You collected 141 gold pieces.

Inventory:

Hand Weapons
 a - a +0 quarterstaff (weapon)
 t - a +0 trident
Armour
 b - a +1 scale mail (worn)
 c - a +0 shield (worn)
 s - a +0 cloak (worn)
Wands
 u - a wand of flame (23/48)
Scrolls
 e - 2 scrolls of fog
 h - 3 scrolls of identify
 k - 4 scrolls of enchant armour
 l - 2 scrolls of fear
 q - a scroll of random uselessness {unknown}
 r - a scroll of amnesia
Potions
 d - a potion of might
 g - 3 potions of resistance
 i - a potion of flight
 j - 3 potions of curing
 p - 2 potions of lignification
Comestibles
 f - a bread ration
 m - a meat ration
 n - a chunk of flesh
 o - a royal jelly


   Skills:
 - Level 3.2 Fighting
 * Level 5.2 Staves
 - Level 3.2 Armour
 - Level 4.7 Shields


You had 5 spell levels left.
You didn't know any spells.

Dungeon Overview and Level Annotations

Branches:
Dungeon (3/15)

Altars:
Elyvilon
Fedhas
Hepliaklqana
Trog
Vehumet
Yredelemnul
Zin

Annotations:
D:3 1 transporter


Innate Abilities, Weirdness & Mutations

You cannot be hasted, slowed, berserked, paralysed or teleported.
You can dig through walls and to a lower floor.
Your four strong arms can wield two-handed weapons with a shield.
You have a pair of large antennae on your head. (SInv)


Message History

There is a transporter here.
You enter the transporter and appear at another place.
u - a wand of flame (?/48)
There are no items here.
You open the door.
The electric eel shoots out a bolt of lightning at you!
The bolt of electricity hits you!
The bolt of electricity hits the plant. x2
Evoke which item? (* to show all) (? for menu, Esc to quit)
Aiming: Throw Flame (will waste charges)
Press: ? - help, Shift-Dir - straight line, f - electric eel
Aim: an electric eel The puff of flame misses the electric eel.
Evoking this partially-identified wand wasted a few charges.
The electric eel is engulfed in a cloud of scalding steam.
The electric eel shoots out a bolt of lightning at you!
The bolt of electricity hits you! x2
* * * LOW HITPOINT WARNING * * *
The electric eel shoots out a bolt of lightning at you!
The bolt of electricity hits you!
You die...

#.#*,,,,,* #.#≈P≈≈≈#.#
*,,,,,,,# *,**,,,,,*
#.#≈P≈P≈#.# *,,,,,,,#
*,**,,,,,* #.#≈≈≈≈≈#.#
*,,,,,,,* *,**,,,,,*
#.#≈≈♣≈≈#.# *,,,,,,,*
,,*****,** #.#≈≈≈≈≈#.#
*,,,,,,,* ,,* *,*
#.#≈...;#.# *,,,,,,,*
,,* *,*####.#;...;#.#
*,,,,,,,*
*,*****,,.....###'###.#
*,,<,,,,*
,,,,,,,,,.....#P@..P#.#
*,,,,,,,,
,,,,,,,,,.....#8...8#.#
*,,,,,,,,
,,,,,,,,*###..#######.#
******,,, ,,,,,,,,*
#.....©....# *,,,
,,,,,,,,* #.......####
*,,, ,,,,,,,,*
####...## *,,,
,,,,,,,,* ##### *,,,
,,,,,,,,* *,,,
,,,,,,,,* *,,,


You could see 3 electric eels.

Vanquished Creatures
  A black bear (D:3)
  5 adders
  3 worms (D:2)
  3 dart slugs
  2 leopard geckos
  5 orcs (D:3)
  2 giant cockroaches
  3 goblins
  7 hobgoblins
  2 jackals (D:1)
  A quokka (D:3)
  3 bats
  2 frilled lizards
  6 kobolds
  9 rats
54 creatures vanquished.

Notes
Turn   | Place    | Note
-------+----------+-------------------------------------------
     0 | D:1      | ChaseSP the Formicid Fighter began the quest for the Orb.
     0 | D:1      | Reached XP level 1. HP: 18/18 MP: 1/1
   182 | D:1      | Reached XP level 2. HP: 24/24 MP: 2/2
   385 | D:1      | Reached skill level 3 in Staves
   724 | D:2      | Reached XP level 3. HP: 29/29 MP: 3/3
   802 | D:2      | Found a blossoming altar of Fedhas.
   952 | D:2      | Reached XP level 4. HP: 30/35 MP: 4/4
   967 | D:2      | Reached skill level 4 in Staves
  1265 | D:2      | Found a glowing silver altar of Zin.
  1429 | D:2      | Found a white marble altar of Elyvilon.
  1430 | D:2      | Found a radiant altar of Vehumet.
  1431 | D:2      | Found a hazy altar of Hepliaklqana.
  1433 | D:2      | Found a bloodstained altar of Trog.
  1477 | D:3      | Noticed a black bear
  1487 | D:3      | Killed a black bear
  1487 | D:3      | Reached XP level 5. HP: 36/41 MP: 5/5
  1536 | D:3      | Found a basalt altar of Yredelemnul.
  1547 | D:3      | Reached skill level 5 in Staves
  1565 | D:3      | Reached XP level 6. HP: 42/47 MP: 6/6
  1923 | D:3      | Killed from afar by an electric eel

Skill      XL: |  1  2  3  4  5 |
---------------+----------------+-----
Staves         | 3 4 5 |  5.2
Shields        | 4 |  4.7
Fighting       | |  3.2
Armour         | |  3.2

Action                   |  1- 3 |  4- 6 || total
-------------------------+-------+-------++-------
Melee: Quarterstaff      |    63 |    89 ||   152
Evoke: Wand              |       |     1 ||     1
  Use: Potion            |     1 |     1 ||     2
       Scroll            |       |    10 ||    10
  Eat: Chunk             |       |     3 ||     3
Armor: Scale mail        |    22 |    25 ||    47
Dodge: Dodged            |    13 |    19 ||    32
Block: Shield            |    32 |    31 ||    63
